 Dungeon Crawl Stone Soup version 0.23.2-40-g277498a (webtiles) character file.

Game seed: 2814463778925544500

2398 zhovat1 the Magician (level 9, -8/52 HPs)
             Began as a Deep Elf Earth Elementalist on Aug 16, 2019.
             Was an Initiate of Vehumet.
             Mangled by a yak (13 damage)
             ... on level 8 of the Dungeon.
             The game lasted 00:10:04 (8966 turns).

zhovat1 the Magician (Deep Elf Earth Elementalist)  Turns: 8966, Time: 00:10:04

Health: -8/52      AC:  8    Str:  5    XL:     9   Next: 23%
Magic:  20/22      EV: 16    Int: 24    God:    Vehumet [......]
Gold:   435        SH:  0    Dex: 15    Spells: 14/23 levels left

rFire    . . .     SeeInvis .   i - +3 mace (drain)
rCold    . . .     Gourm    .   (no shield)
rNeg     . . .     Faith    .   c - +0 robe
rPois    .         Spirit   .   j - +1 hat
rElec    .         Reflect  .   g - +2 cloak {MR+}
rCorr    .         Harm     .   (no gloves)
MR       +....                  r - +0 pair of boots
Stlth    ++........             (no amulet)
HPRegen  0.17/turn              (no ring)
MPRegen  0.18/turn              l - +1 ring of protection

@: berserk cooldown, slowed, very slow
A: no striking features
a: Renounce Religion


You were on level 8 of the Dungeon.
You worshipped Vehumet.
Vehumet was noncommittal.
You were not hungry.

You visited 2 branches of the dungeon, and saw 10 of its levels.

You collected 435 gold pieces.

Inventory:

Hand Weapons
 i - a +3 mace of draining (weapon)
Missiles
 b - 117 stones (quivered)
Armour
 c - a +0 robe (worn)
 g - a +2 cloak of magic resistance (worn)
 j - a +1 hat (worn)
 r - a +0 pair of boots (worn)
Magical Staves
 s - an uncursed staff of wizardry {unknown}
Jewellery
 l - a +1 ring of protection (right hand)
 v - an uncursed ring of ice {unknown}
Wands
 x - a wand of iceblast (2)
Scrolls
 m - a scroll of amnesia
 n - 2 scrolls of remove curse
 o - 4 scrolls of identify
 t - a scroll of fog
 u - a scroll of blinking
Potions
 a - 4 potions of lignification
 e - 2 potions of cancellation
 h - 3 potions of curing
 k - a potion of flight {unknown}
 p - 2 potions of brilliance {unknown}
 q - a potion of mutation {unknown}
Comestibles
 d - 8 rations
 w - 3 chunks of flesh


   Skills:
 + Level 4.2 Fighting
 + Level 1.8 Maces & Flails
 + Level 6.9 Dodging
 - Level 2.4 Stealth
 + Level 7.7 Spellcasting
 + Level 5.4 Conjurations
   Level 1.1 Transmutations
 + Level 6.8 Earth Magic
 + Level 0.5 Evocations


You had 14 spell levels left.
You knew the following spells:

 Your Spells              Type           Power        Failure   Level  Hunger
a - Sandblast             Erth           #####.       1%          1    None
b - Stone Arrow           Conj/Erth      #####.       1%          3    None
c - Lee's Rapid Deconstr  Erth           #####.....   11%         5    #####..

Your spell library contained the following spells:

 Spells                   Type           Power        Failure   Level  Hunger
 Passwall                 Tmut/Erth      ####....     1%          2    None
 Petrify                  Tmut/Erth      ####....     13%         4    ###....


Dungeon Overview and Level Annotations

Branches:
Dungeon (9/15)             Temple (1/1) D:7
   Lair: D:8-11         Orc: D:9-12

Altars:
Ashenzari
Cheibriados
Dithmenos
Elyvilon
Fedhas
Gozag
Hepliaklqana
Kikubaaqudgha
Makhleb
Nemelex Xobeh
Okawaru
Qazlal
Ru
Sif Muna
Trog
Uskayaw
Vehumet
Wu Jian
Xom
Yredelemnul
Zin
The Shining One


Message History

A death yak comes into view.
The yak gores you!
* * * LOW HITPOINT WARNING * * *
The yak misses you.
The death yak bellows!
The yak snorts and paws the ground.
A red film seems to cover your vision as you go berserk!
You feel yourself moving faster!
You feel mighty! The yak completely misses you.
A yak comes into view.
You feel a strong urge to attack something.
You feel your anger nearly subside.
The death yak snorts and paws the ground.
You are no longer berserk.
You are exhausted.
You feel yourself slow down. The yak gores you but does no damage.
The yak gores you.
* * * LOW HITPOINT WARNING * * *
The yak gores you!
You die...

#.# ##...........##
#.# ##.........##
#.##### #.........#
#Y##..####.#......##
#......##.###....##
#..Y......# ######
##..Y.....## ####
#.....Y....##
####..#
##.....Y@....#
###......
#............#
##........
#...........##
#.........
#...........#
#.........
##..........##
#.........
#..........##
##......).
#.........##
#........
####..#####
###...... ####
#####..


You could see 3 death yaks and 2 yaks.

Vanquished Creatures
  Sigmund (D:4)
  A yak (D:8)
  A water moccasin (D:6)
  A sky beast (D:8)
  A black bear (D:8)
  2 phantoms
  3 ogres
  2 centaurs (D:6)
  5 bullfrogs
  A water moccasin zombie (D:3)
  3 killer bees (D:8)
  A jelly (D:5)
  4 orc priests
  4 orc wizards
  Crazy Yiuf (D:2)
  A centaur skeleton (D:4)
  2 iguanas
  5 worker ants
  A killer bee zombie (D:8)
  A hound zombie (D:6)
  A howler monkey skeleton (D:5)
  4 gnolls (D:5)
  5 adders
  An ooze (D:4)
  2 adder skeletons
  2 worms
  3 leopard geckos
  14 orcs
  3 ball pythons
  3 giant cockroaches
  A goblin (D:3)
  8 hobgoblins
  11 jackals
  7 kobolds
  A quokka (D:2)
  2 bats (D:1)
  2 frilled lizards
  7 rats
118 creatures vanquished.

Notes
Turn   | Place    | Note
-------+----------+-------------------------------------------
     0 | D:1      | zhovat1 the Deep Elf Earth Elementalist began the quest for
                  | the Orb.
     0 | D:1      | Reached XP level 1. HP: 10/10 MP: 6/6
   687 | D:1      | Reached XP level 2. HP: 15/16 MP: 6/8
  1226 | D:2      | Found a runed translucent door.
  1227 | D:2      | Noticed Crazy Yiuf
  1712 | D:2      | Reached skill level 1 in Fighting
  1712 | D:2      | Reached XP level 3. HP: 4/20 MP: 5/10
  1974 | D:2      | Learned a level 3 spell: Stone Arrow
  2684 | D:2      | Killed Crazy Yiuf
  2684 | D:2      | Reached XP level 4. HP: 18/25 MP: 5/11
  2783 | D:3      | Reached skill level 1 in Conjurations
  2926 | D:3      | Reached skill level 4 in Spellcasting
  3368 | D:3      | Reached XP level 5. HP: 4/29 MP: 5/13
  4329 | D:4      | Reached XP level 6. HP: 12/35 MP: 13/15
  4402 | D:4      | Noticed Sigmund
  4407 | D:4      | Killed Sigmund
  4407 | D:4      | Reached skill level 5 in Spellcasting
  4605 | D:4      | Reached skill level 5 in Earth Magic
  4605 | D:4      | Reached XP level 7. HP: 38/40 MP: 12/16
  5239 | D:5      | Entered Level 5 of the Dungeon
  5420 | D:5      | Reached skill level 5 in Dodging
  5633 | D:5      | Reached skill level 6 in Spellcasting
  5705 | D:5      | Learned a level 5 spell: Lee's Rapid Deconstruction
  5844 | D:5      | Reached XP level 8. HP: 46/46 MP: 12/19
  6792 | D:6      | Reached skill level 7 in Spellcasting
  6952 | D:6      | Reached skill level 1 in Maces & Flails
  7006 | D:6      | Found a basalt altar of Yredelemnul.
  7011 | D:6      | Reached skill level 5 in Conjurations
  7144 | D:7      | Found a staircase to the Ecumenical Temple.
  7261 | Temple   | Entered the Ecumenical Temple
  7424 | Temple   | Became a worshipper of Vehumet
  7462 | D:7      | Noticed a two-headed ogre
  8642 | D:8      | Reached XP level 9. HP: 52/52 MP: 19/22
  8756 | D:8      | Noticed a death yak
  8944 | D:8      | Noticed a death yak
  8948 | D:8      | Noticed a death yak
  8966 | D:8      | Mangled by a yak

Skill      XL: |  1  2  3  4  5  6  7  8 |
---------------+-------------------------+-----
Fighting       | 1 2 3 4 |  4.2
Dodging        | 3 4 5 6 |  6.9
Conjurations   | 1 2 3 4 5 |  5.4
Earth Magic    | 4 5 6 |  6.8
Spellcasting   | 4 5 6 7 |  7.7
Maces & Flails | 1 |  1.8
Stealth        | |  2.4
Transmutations | |  1.1
Evocations     | |  0.5

Action                   |  1- 3 |  4- 6 |  7- 9 || total
-------------------------+-------+-------+-------++-------
Melee: Club              |    30 |       |       ||    30
       Unarmed           |     2 |       |       ||     2
       Mace              |    36 |    32 |    83 ||   151
 Cast: Sandblast         |    22 |    48 |    61 ||   131
       Stone Arrow       |       |       |    30 ||    30
  Use: Scroll            |     3 |     3 |    13 ||    19
       Potion            |       |       |     2 ||     2
 Stab: Sleeping          |     3 |     3 |     3 ||     9
  Eat: Chunk             |     5 |     4 |     9 ||    18
       Ration            |       |     1 |     1 ||     2
Armor: Robe              |    22 |    10 |    27 ||    59
Dodge: Dodged            |    85 |    41 |   120 ||   246
